 Dungeon Crawl Stone Soup version 0.27-a0-637-g3a9f0a9c12 (webtiles) character file.

Game seed: 15280736760851038218

83 kreisler the Sneak (level 4, -1/29 HPs)
             Began as a Halfling Brigand on Mar 15, 2021.
             Slain by an orc wizard
             ... wielding a +0 dagger
              (4 damage)
             ... on level 3 of the Dungeon.
             The game lasted 00:07:38 (1630 turns).

kreisler the Sneak (Halfling Brigand)               Turns: 1630, Time: 00:07:39

Health: -1/29      AC:  3    Str: 12 (13) XL:     4   Next: 71%
Magic:  4/4        EV: 14    Int:  7 (9)  God:
Gold:   55         SH:  0    Dex: 14 (15) Spells: 3/3 levels left

rFire    . . .     SeeInvis .   a - +3 dagger
rCold    . . .     Faith    .   (shield restricted)
rNeg     . . .     Spirit   .   b - +0 robe
rPois    .         Reflect  .   (no helmet)
rElec    .         Harm     .   c - +0 cloak
rCorr    .         Rampage  .   (no gloves)
Will     .....                  (no boots)
Stlth    +.........             (no amulet)
HPRegen  0.09/turn              (no ring)
MPRegen  0.09/turn              (no ring)

@: confused, flying
A: small, no large weapons, mutation resistance 1, sense surroundings 1, wild
magic 1
a: no special abilities


You were on level 3 of the Dungeon.
You visited 1 branch of the dungeon, and saw 3 of its levels.

You collected 55 gold pieces.

Inventory:

Hand Weapons
 a - a +3 dagger (weapon)
Missiles
 d - 8 poisoned darts (quivered)
 e - 2 curare-tipped darts
Armour
 b - a +0 robe (worn)
 c - a +0 cloak (worn)
Jewellery
 g - a ring of wizardry


   Skills:
 + Level 2.0 Fighting
 + Level 3.6 Short Blades
 + Level 2.4 Throwing
 + Level 1.7 Dodging
 + Level 5.3 Stealth


You had 3 spell levels left.
You didn't know any spells.
Your spell library was empty.

Dungeon Overview and Level Annotations

Branches:
Dungeon (3/15)

Altars:


Innate Abilities, Weirdness & Mutations

You are small and have problems with some larger weapons.
You are somewhat resistant to further mutation.
You passively map a small area around you.
Your spells are a little harder to cast, but a little more powerful.


Message History

You hit the orc.
You kill the orc!
Something hits you.
Deactivating autopickup; reactivate with Ctrl-A.
You puncture the orc!
You kill the orc!
Something hits you but does no damage. Something completely misses you.
Items here: )) [ ††.
You see here 12 gold pieces.
You barely miss something. Something barely misses you.
You barely miss something.
You hear some strange, mumbled words.
You are confused.
A magic dart appears from out of thin air!
The magic dart hits you.
You bump into the rock wall.
A magic dart appears from out of thin air!
The magic dart hits you!
* * * LOW HITPOINT WARNING * * *
It was a potion of flight.
You feel very buoyant.
You fly up into the air.
You bump into the rock wall.
Something barely misses you.
You're too confused to move!
You hear some strange, mumbled words.
You are more confused.
You bump into the rock wall.
Something hits you.
* * * LOW HITPOINT WARNING * * *
It was a potion of degeneration.
There was something very wrong with that liquid.
You feel weakened.
You feel dopey.
You feel clumsy. Something hits you.
* * * LOW HITPOINT WARNING * * *
You hit something. Something hits you but does no damage.
You completely miss something.
You bump into the rock wall.
Something hits you.
* * * LOW HITPOINT WARNING * * *
You bump into the rock wall.
Something hits you.
You die...

* * **. . , * .#.
, * * ** ... , *
#.#* * * #.# .#
#.# S# #.#*.# **
* #@# .# * , , *
#{# .# ,
######)##.#####.
,
.......).........
,
#########..#####.
, , #........ * *
#........ *
######..#####. *
* *
#.......###... ,


There were no monsters in sight!

Vanquished Creatures
  A worker ant zombie (D:2)
  2 adders
  2 leopard geckos
  3 orcs (D:3)
  4 bats
  5 giant cockroaches (D:1)
  5 goblins
  4 hobgoblins
  3 jackals (D:1)
  5 kobolds
  7 frilled lizards
  6 rats (D:1)
47 creatures vanquished.

Notes
Turn   | Place    | Note
-------+----------+-------------------------------------------
     0 | D:1      | kreisler the Halfling Brigand began the quest for the Orb.
     0 | D:1      | Reached XP level 1. HP: 14/14 MP: 1/1
   232 | D:1      | Reached XP level 2. HP: 16/19 MP: 2/2
   567 | D:1      | Reached XP level 3. HP: 24/24 MP: 3/3
   734 | D:1      | Reached skill level 5 in Stealth
   962 | D:1      | Gained mutation: You passively map a small area around you.
                  | [potion of mutation]
   962 | D:1      | Gained mutation: Your spells are a little harder to cast,
                  | but a little more powerful. [potion of mutation]
  1036 | D:1      | HP: 1/24 [hobgoblin (4)]
  1146 | D:2      | Reached XP level 4. HP: 20/29 MP: 4/4
  1630 | D:3      | Slain by an orc wizard

Illustrated notes

Levels and vault maps discovered:
D:1:      lemuel_arrival_lava_pool, layout_basic
D:2:      layout_rooms, nicolae_ru_sacrificial_ziggurat, grunt_gozag_statues
D:3:      layout_loops_ring, lemuel_coloured_pillars_altar, uniq_natasha

Skill      XL: |  1  2  3 |
---------------+----------+-----
Stealth        | 5 |  5.3
Short Blades   | 3 |  3.6
Fighting       | 2 |  2.0
Throwing       | |  2.4
Dodging        | |  1.7

Action                   |  1- 3 |  4- 6 || total
-------------------------+-------+-------++-------
Melee: Dagger            |   130 |    47 ||   177
Throw: Dart              |       |     3 ||     3
  Use: Potion            |     6 |     2 ||     8
       Scroll            |     2 |       ||     2
 Stab: Sleeping          |     6 |       ||     6
       Invisible         |     1 |       ||     1
Armor: Robe              |    33 |     4 ||    37
Dodge: Dodged            |   124 |    25 ||   149

Table legend: (Time is in decaauts)
 A = Elapsed time spent in this place.
 B = Non-inter-level travel time spent in this place.
 C = Inter-level travel time spent in this place.
 D = Time resting spent in this place.
 E = Time spent auto-exploring this place.
 F = Levels seen in this place.
 G = Mean time per level.
                   A        B        C        D        E       F      G
               +--------+--------+--------+--------+--------+-----+--------+
         Total |   1605 |   1579 |     26 |    159 |    995 |   3 |  535.0 |
       Dungeon |   1605 |   1579 |     26 |    159 |    995 |   3 |  535.0 |
               +--------+--------+--------+--------+--------+-----+--------+

Top non-repeatable levels by time:
     D:1: 1101 daAuts
     D:2: 387 daAuts
     D:3: 116 daAuts
